 Dungeon Crawl Stone Soup version 0.27-a0-1105-g946c659c87 (webtiles) character file.

Game seed: 15633374048047054541

387918 Armakuni the Eclecticist (level 24, 0/172 HPs)
             Began as a Human Wanderer on Apr 23, 2021.
             Was a High Priest of Elyvilon.
             Killed by an exploding vault guard (8 damage)
             ... ignited by their inner flame
             ... on level 5 of the Vaults on Apr 30, 2021.
             The game lasted 03:06:31 (45941 turns).

Armakuni the Eclecticist (Human Wanderer)          Turns: 45941, Time: 03:06:32

Health: 0/172      AC: 21    Str: 21    XL:     24   Next: 12%
Magic:  38/45      EV: 15    Int: 28    God:    Elyvilon [*****.]
Gold:   4821       SH: 13    Dex: 16    Spells: 33/59 levels left

rFire    + . .     SeeInvis +   a - +4 eveningstar (flame)
rCold    + . .     Faith    .   O - +3 warlock's mirror {reflect}
rNeg     . . .     Spirit   .   y - +4 scale mail of Zail {Regen+ Str+4 Int+2}
rPois    +         Reflect  +   r - +2 hat {Int+3}
rElec    .         Harm     .   D - scarf {rC+ rF+}
rCorr    .         Rampage  .   j - +1 pair of gloves of Xom's Respect {rPois}
Will     ++...                  A - +2 pair of boots
Stlth    +.........             H - amulet of reflection
HPRegen  1.38/turn              N - ring of see invisible
MPRegen  0.29/turn              I - +6 ring of intelligence

@: no status effects
A: strong-willed 1, passive freeze, wild magic 1
}: 2/15 runes: serpentine, barnacled
a: Renounce Religion, Lesser Healing, Heal Other, Purification, Greater Healing,
Divine Vigour, Divine Protection


You were on level 5 of the Vaults.
You worshipped Elyvilon.
Elyvilon was extremely pleased with you.
You visited 8 branches of the dungeon, and saw 38 of its levels.
You visited the Abyss 1 time.
You also visited: Ice Cave, Volcano and Wizlab.

You collected 6337 gold pieces.
You spent 1516 gold pieces at shops.

Inventory:

Hand Weapons
 a - a +4 eveningstar of flaming (weapon)
 e - a +3 demon whip of freezing
Armour
 j - the +1 pair of gloves of Xom's Respect (worn) {rPois}
   (You found it on level 6 of the Dungeon)

   It protects you from poison.
 r - a +2 hat of intelligence (worn)
 y - the +4 scale mail of Zail (worn) {Regen+ Str+4 Int+2}
   (You bought it in a shop on level 9 of the Dungeon)

   It affects your strength (+4).
   It affects your intelligence (+2).
   It increases your rate of health regeneration.
 A - a +2 pair of boots (worn)
 D - a scarf of resistance (worn)
 F - a +0 cloak of willpower
 M - a +2 cloak of poison resistance
 O - the +3 warlock's mirror (worn) {reflect}
   (You found it on level 3 of the Vaults)
Jewellery
 H - an amulet of reflection (around neck)
 I - a +6 ring of intelligence (right hand)
 N - a ring of see invisible (left hand)
Wands
 f - a wand of flame (111)
 k - a wand of digging (22)
 s - a wand of paralysis (7)
 z - a wand of polymorph (14)
 L - a wand of mindburst (11)
 P - a wand of acid (8)
Scrolls
 c - 2 scrolls of holy word
 g - 5 scrolls of fog
 h - a scroll of silence
 q - 4 scrolls of enchant armour
 v - 15 scrolls of teleportation
 B - 9 scrolls of identify
 C - a scroll of brand weapon
 E - 3 scrolls of vulnerability
 G - a scroll of immolation
 J - a scroll of blinking
 K - 4 scrolls of amnesia
 U - 2 scrolls of fear
Potions
 b - a potion of heal wounds
 d - 6 potions of attraction
 i - 13 potions of curing
 m - 2 potions of brilliance
 o - 8 potions of lignification
 p - a potion of resistance
 t - 6 potions of mutation
 u - 9 potions of haste
 w - 4 potions of cancellation
Miscellaneous
 l - a lightning rod (4/4)
 n - a tin of tremorstones (inert)
 x - a piece from Xom's chessboard (15/15)


   Skills:
 - Level 10.0 Fighting
 - Level 14.9(16.0) Maces & Flails
 - Level 12.8(14.0) Polearms
 - Level 10.3(15.6) Staves
 - Level 2.0 Bows
 - Level 12.7 Armour
 - Level 10.0 Dodging
 - Level 2.0 Stealth
 - Level 4.0 Shields
 + Level 18.4 Spellcasting
 - Level 10.0 Conjurations
 - Level 18.2 Ice Magic
 - Level 6.0 Air Magic
 - Level 11.2 Invocations
 - Level 5.0 Evocations


You had 33 spell levels left.
You knew the following spells:

 Your Spells              Type           Power      Damage    Failure   Level
a - Apportation           Tloc           66%        N/A       6%          1
b - Blink                 Tloc           N/A        N/A       9%          2
c - Freezing Cloud        Conj/Ice/Air   43%        6-21      8%          6
m - Iskenderun's Mystic   Conj/Tloc      63%        2d13      8%          4
o - Ozocubu's Armour      Ice            100%       N/A       1%          3
r - Frozen Ramparts       Ice            100%       1d12      1%          3
R - Ozocubu's Refrigerat  Ice            52%        4d15      3%          7

Your spell library contained the following spells:

 Spells                   Type           Power      Damage    Failure   Level
 Foxfire                  Conj/Fire      100%       2x1d9     1%          1
 Freeze                   Ice            100%       1d11      1%          1
 Magic Dart               Conj           100%       1d8       1%          1
 Ensorcelled Hibernation  Hex/Ice        100%       N/A       1%          2
 Searing Ray              Conj           100%       3d7       1%          2
 Hailstorm                Conj/Ice       94%        3d19      1%          4
 Ice Form                 Ice/Tmut       79%        N/A       1%          4
 Summon Ice Beast         Ice/Summ       79%        N/A       1%          4
 Conjure Flame            Conj/Fire      63%        6-21      2%          3
 Dazzling Flash           Conj/Hex       100%       N/A       2%          3
 Mephitic Cloud           Conj/Pois/Air  64%        N/A       2%          3
 Stone Arrow              Conj/Erth      100%       3d13      2%          3
 Corpse Rot               Necr/Air       N/A        N/A       3%          2
 Poisonous Vapours        Pois/Air       100%       N/A       3%          2
 Metabolic Englaciation   Hex/Ice        39%        N/A       4%          5
 Animate Skeleton         Necr           66%        N/A       6%          1
 Corona                   Hex            36%        N/A       6%          1
 Pain                     Necr           100%       1d9       6%          1
 Sandblast                Erth           66%        2d15      6%          1
 Summon Small Mammal      Summ           100%       N/A       6%          1
 Fulminant Prism          Conj/Hex       31%        3d16      8%          4
 Sticky Flame             Conj/Fire      63%        2d8       8%          4
 Call Imp                 Summ           33%        N/A       9%          2
 Passwall                 Tmut/Erth      27%        N/A       9%          2
 Slow                     Hex            33%        N/A       9%          2
 Sublimation of Blood     Necr           16%        N/A       9%          2
 Call Canine Familiar     Summ           33%        N/A       16%         3
 Confusing Touch          Hex            33%        N/A       16%         3
 Ignite Poison            Fire/Tmut/Pois 33%        N/A       16%         3
 Inner Flame              Hex/Fire       33%        N/A       16%         3
 Lesser Beckoning         Tloc           16%        N/A       16%         3
 Summon Guardian Golem    Hex/Summ       33%        N/A       16%         3
 Tukima's Dance           Hex            33%        N/A       16%         3
 Vampiric Draining        Necr           16%        2d8       16%         3
 Summon Lightning Spire   Summ/Air       53%        N/A       16%         4
 Fireball                 Conj/Fire      31%        3d13      19%         5
 Irradiate                Conj/Tmut      31%        3d23      19%         5
 Simulacrum               Ice/Necr       39%        N/A       19%         6
 Animate Armour           Summ/Erth      66%        N/A       43%         4
 Animate Dead             Necr           16%        N/A       43%         4
 Cause Fear               Hex            16%        N/A       43%         4
 Dispel Undead            Necr           33%        3d14      43%         4
 Petrify                  Tmut/Erth      33%        N/A       43%         4
 Starburst                Conj/Fire      31%        8x6d10    65%         6
 Agony                    Necr           33%        N/A       77%         5
 Alistair's Intoxication  Tmut/Pois      22%        N/A       77%         5
 Excruciating Wounds      Necr           16%        N/A       77%         5
 Lee's Rapid Deconstruct  Erth           16%        3d11*     77%         5
 Blade Hands              Tmut           16%        N/A       100%        6
 Eringya's Noxious Bog    Tmut/Pois      16%        N/A       100%        6
 Invisibility             Hex            33%        N/A       100%        6
 Statue Form              Tmut/Erth      22%        N/A       100%        6
 Dragon Form              Tmut           16%        N/A       100%        7
 Ignition                 Fire           16%        3d7       100%        8
 Dragon's Call            Summ           16%        N/A       100%        9


Dungeon Overview and Level Annotations

Branches:
Dungeon (15/15)            Temple (1/1) D:4            Lair (6/6) D:8
 Shoals (4/4) Lair:2        Snake (4/4) Lair:4        Slime (0/5) Lair:6
    Orc (2/2) D:11            Elf (0/3) Orc:2        Vaults (5/5) D:14
  Crypt (0/3) Vaults:2     Depths (1/5) D:15          IceCv (visited)
Volcano (visited)          WizLab (visited)

Altars:
Ashenzari
Cheibriados
Dithmenos
Elyvilon
Fedhas
Gozag
Hepliaklqana
Kikubaaqudgha
Makhleb
Nemelex Xobeh
Okawaru
Qazlal
Ru
Sif Muna
Trog
Uskayaw
Vehumet
Wu Jian
Xom
Yredelemnul
Zin
The Shining One
Beogh
Jiyva

Shops:
D:5 [   D:9 [   D:13 [   Orc:2 =*[([   Vaults:1 *   Vaults:4 *

Portals:
Hell: Depths:1
Trove: Depths:1 (give +2 gold dragon scales)

Annotations:
Lair:6 1 runed translucent door
Shoals:2 Roxanne
Vaults:5 Jory


Innate Abilities, Weirdness & Mutations

You are strong-willed. (Will+)
A frigid envelope surrounds you and freezes all who hurt you.
Your spells are a little harder to cast, but a little more powerful.


Message History

Flame seeps out of the vault guard.
The vault guard is heavily wounded.
The fiery explosion engulfs the storm dragon!!
The storm dragon is moderately wounded.
The fiery explosion engulfs the vault guard!!
Flame seeps out of the vault guard.
The vault guard is severely wounded.
The fiery explosion engulfs the phantasmal warrior!
The phantasmal warrior is heavily damaged.
The vault guard explodes!
The fiery explosion engulfs the vault guard.
Flame seeps out of the vault guard.
The vault guard is severely wounded.
The vault guard explodes!
The fiery explosion engulfs the vault guard!!
The fiery explosion engulfs the vault guard!
Flame seeps out of the vault guard.
The vault guard is severely wounded.
The fiery explosion engulfs you! You resist.
* * * LOW HITPOINT WARNING * * *
The fiery explosion engulfs the vault guard!!
The vault guard explodes!
The fiery explosion engulfs the vault guard!!
Flame seeps out of the vault guard.
The vault guard is heavily wounded.
The fiery explosion engulfs you. You resist.
* * * LOW HITPOINT WARNING * * *
The vault guard explodes!
The fiery explosion engulfs the vault guard!
Flame seeps out of the vault guard.
The vault guard is moderately wounded.
The fiery explosion engulfs the vault guard!!!
Flame seeps out of the vault guard.
The vault guard is almost dead.
The fiery explosion engulfs the vault guard!!
Flame seeps out of the vault guard.
The vault guard is severely wounded.
The fiery explosion engulfs the vault guard!!!
The fiery explosion engulfs you! You resist.
You die...

#..#....#
####..#....# .
......#....# ..
....#....#...
.V....o.o.e.
#####.p§○§§..##
.....pp○§§§....
....ppp@§§§§...
.....ppp§§§§...
......pp○§§....
#####..D§W§..##
...........
...#....#...
##p.#....#D..
...#....# .§


You could see Jory, 2 storm dragons, a vault warden, 11 vault guards, a deep elf
demonologist, a phantasmal warrior and 2 orc warriors.

Vanquished Creatures
  Mara (Shoals:2)
  Boris (Vaults:2)
  Sojobo (Vaults:4)
  Margery (Vaults:2)
  A Hellbinder (WizLab)
  Rupert (Snake:1)
  Jorgrun (Shoals:1)
  Asterion (Vaults:2)
  Polyphemus (Shoals:2)
  2 tentacled starspawn (Abyss:2)
  A kraken (Shoals:2)
  2 sphinxes
  2 tengu reavers (Vaults:4)
  Kirke (Lair:5)
  Ilsuiw (Shoals:2)
  A shadow dragon (Vaults:2)
  6 nagarajas
  12 vault wardens
  A fire giant (Depths:1)
  2 frost giants (Shoals:1)
  3 balrugs (WizLab)
  An orc warlord (Orc:2)
  Aizul (Snake:3)
  3 stone giants
  13 ironbound preservers
  A caustic shrike skeleton (Depths:1)
  A black sun (WizLab)
  7 very ugly things (Vaults:3)
  3 war gargoyles
  5 dire elephants
  A vampire knight (Vaults:2)
  An entropy weaver (Vaults:2)
  3 merfolk javelineers (Shoals:4)
  4 crystal guardians (Vaults:4)
  2 ettins
  10 merfolk impalers
  Josephine (Shoals:1)
  4 salamander tyrants (Snake:4)
  8 ironbound thunderhulks
  6 yaktaur captains
  3 boulder beetles
  A great orb of eyes (Vaults:3)
  A quicksilver dragon skeleton (Depths:1)
  A hell beast (WizLab)
  21 naga warriors
  22 vault guards
  7 hydras
  13 centaur warriors
  10 ironbound frosthearts
  An ogre mage (Volcano)
  2 peacekeepers (Vaults:4)
  5 merfolk avatars
  16 anacondas
  2 merfolk aquamancers (Shoals:4)
  3 catoblepae
  5 satyrs
  8 two-headed ogres
  2 deep troll earth magi (Depths:1)
  2 death yaks (Shoals:2)
  2 tengu warriors (D:13)
  A vampire mage (Vaults:2)
  7 ironbound beastmasters
  2 soul eaters (WizLab)
  16 naga sharpshooters
  8 shock serpents
  2 orc high priests (Orc:2)
  The ghost of lollipopguild the Fighter, a novice MiFi of Zin (D:8)
  6 hell knights
  2 sun demons (WizLab)
  A wretched star (Abyss:2)
  2 sixfirhies (WizLab)
  4 skeletal warriors (Depths:1)
  10 salamander mystics
  An iron troll (Depths:1)
  A glowing orange brain (Vaults:1)
  22 sea snakes
  29 harpies
  33 deep trolls
  3 orc knights
  7 naga ritualists
  2 wizards
  18 mana vipers
  3 golden dragon skeletons (Depths:1)
  9 lindwurms
  21 ironbound convokers
  3 phantasmal warriors (Vaults:2)
  2 tengu skeletons (Depths:1)
  7 necromancers
  A wolf spider (Lair:6)
  17 fauns
  4 deep elf pyromancers
  3 orc sorcerers
  A fire giant zombie (Vaults:2)
  22 salamanders
  6 cyclopes
  25 ugly things
  A human zombie (Vaults:2)
  19 manticores
  The ghost of HoaS the Ruffian, a novice TrMo (D:6)
  8 guardian serpents
  14 merfolk sirens
  A fire giant skeleton (Depths:1)
  A frost giant skeleton (Depths:1)
  13 naga magi
  45 black mambas
  13 vault sentinels
  An ice statue (IceCv)
  Joseph (D:8)
  10 elephants
  2 human skeletons (Vaults:2)
  3 stone giant skeletons (Depths:1)
  7 water nymphs
  5 smoke demons (WizLab)
  2 hellions (WizLab)
  3 gargoyles
  A torpor snail (Lair:4)
  10 cane toads
  2 orange demons (WizLab)
  2 tormentors (WizLab)
  An efreet (D:15)
  9 komodo dragons
  4 rime drakes
  10 freezing wraiths (IceCv)
  A tengu conjurer (D:12)
  4 ice devils
  40 yaktaurs
  An ancient zyme (Abyss:2)
  A jumping spider (shapeshifter) (Vaults:2)
  2 red devils (WizLab)
  3 polar bears
  7 trolls
  7 wind drakes
  32 merfolk
  32 slime creatures
  18 blink frogs
  3 hornets (Lair:6)
  17 dream sheep
  A human simulacrum (Vaults:2)
  6 snapping turtles
  An ettin skeleton (Depths:1)
  A fire dragon skeleton (Depths:1)
  3 spriggan skeletons (Depths:1)
  A deep troll skeleton (Depths:1)
  A spriggan (shapeshifter) (D:15)
  An ice dragon skeleton (Depths:1)
  19 wyverns
  10 flying skulls (Depths:1)
  A ynoxinul (WizLab)
  3 redbacks (Vaults:2)
  A redback (shapeshifter) (Abyss:2)
  11 humans
  A vampire (D:12)
  7 water elementals
  Sigmund (D:5)
  5 basilisks
  61 yaks
  3 wraiths
  Eustachio (D:4)
  5 hogs (Lair:5)
  A golden eye (shapeshifter) (Vaults:2)
  7 vampire mosquitoes (D:12)
  A neqoxec (WizLab)
  3 death yak simulacra (IceCv)
  2 chaos spawn (WizLab)
  50 nagas
  4 wargs
  31 water moccasins
  2 acid dragons
  4 black bears
  25 orc warriors
  9 ice beasts
  2 necrophages
  A hornet zombie (D:15)
  19 wolves
  19 centaurs
  7 ogres
  5 boggarts (D:14)
  2 phantoms
  A kobold brigand (D:6)
  13 bullfrogs
  2 small abominations (Abyss:2)
  A gnoll sergeant (D:12)
  3 scorpions
  3 wyvern zombies
  2 wyvern skeletons
  A water moccasin zombie (D:5)
  3 killer bees (D:9)
  9 wights
  4 howler monkeys
  A crimson imp (D:10)
  A draconian simulacrum (IceCv)
  A bullfrog zombie (D:5)
  3 centaur zombies
  A hound (D:4)
  A gnoll shaman (D:7)
  A jelly (D:6)
  22 orc priests
  4 centaur skeletons
  An iron imp (Abyss:2)
  Jessica (D:2)
  A bullfrog skeleton (D:6)
  2 iguanas (D:6)
  21 orc wizards
  7 troll simulacra (IceCv)
  2 spriggan simulacra (IceCv)
  A killer bee zombie (D:4)
  A wolf simulacrum (IceCv)
  3 centaur simulacra
  10 gnolls
  A howler monkey skeleton (D:5)
  3 ogre simulacra (IceCv)
  An adder (D:4)
  5 naga simulacra (IceCv)
  15 white imps
  3 howler monkey simulacra (D:8)
  An ufetubus (D:4)
  A worm (D:2)
  A dart slug (D:4)
  92 orcs
  5 ball pythons
  7 endoplasms
  4 giant cockroaches
  5 goblins
  7 hobgoblins
  6 jackals
  8 kobolds
  6 quokkas
  7 bats
  A frilled lizard (D:2)
  5 rats
  2 tentacles (Shoals:2)
1555 creatures vanquished.

Vanquished Creatures (collateral kills)
  The ghost of Anon1729 the Cleaver, a journeyman DsBe of Trog (Lair:6)
  A dancing weapon (Lair:6)
  A salamander (Snake:4)
  A naga mage (Snake:3)
  2 black mambas
  A redback (Lair:6)
  A naga (Snake:3)
8 creatures vanquished.

Vanquished Creatures (others)
  A hydra (D:14)
  An orc knight (Orc:2)
  An orc high priest (Orc:2)
  A shock serpent (Snake:3)
  2 wizards (Vaults:4)
  3 ugly things
  2 orc sorcerers (Orc:2)
  A manticore (Shoals:1)
  A black mamba (Snake:1)
  4 wraiths (Shoals:1)
  6 humans
  An orc warrior (Orc:2)
  2 orc priests (Orc:2)
  2 orcs (Orc:2)
  19 fungi
  130 plants
  6 starspawn tentacles (Abyss:2)
  4 tentacles (Shoals:2)
187 creatures vanquished.

Grand Total: 1750 creatures vanquished

Notes
Turn   | Place    | Note
-------+----------+-------------------------------------------
     0 | D:1      | Armakuni the Human Wanderer began the quest for the Orb.
     0 | D:1      | Armakuni set off with the following items: a +2 dagger, a
                  | potion of haste, a +0 ring mail, a +0 shortbow, 21 arrows
     0 | D:1      | Reached XP level 1. HP: 15/15 MP: 1/1
   106 | D:1      | Reached XP level 2. HP: 22/22 MP: 2/2
   421 | D:1      | Reached XP level 3. HP: 23/28 MP: 3/3
  1085 | D:1      | Reached skill level 1 in Maces & Flails
  1549 | D:2      | Reached XP level 4. HP: 31/35 MP: 4/4
  1897 | D:2      | Noticed Jessica
  1899 | D:2      | Killed Jessica
  2977 | D:4      | Found a bloodstained altar of Trog.
  2980 | D:4      | Noticed a red ugly thing
  2982 | D:4      | Found a transporter.
  2992 | D:4      | Reached XP level 5. HP: 42/42 MP: 5/5
  3145 | D:4      | Found a transporter.
  3227 | D:4      | Found a staircase to the Ecumenical Temple.
  3252 | Temple   | Entered the Ecumenical Temple
  3274 | Temple   | Became a worshipper of Elyvilon the Healer
  3500 | D:4      | Gained mutation: You are strong-willed. (Will+) [potion of
                  | mutation]
  3500 | D:4      | Gained mutation: A frigid envelope surrounds you and
                  | freezes all who hurt you. [potion of mutation]
  3500 | D:4      | Gained mutation: Your spells are a little harder to cast,
                  | but a little more powerful. [potion of mutation]
  3509 | D:4      | Reached XP level 6. HP: 31/48 MP: 6/6
  3695 | D:4      | Noticed an ogre
  3704 | D:4      | Killed an ogre
  4032 | D:4      | Reached skill level 5 in Fighting
  4222 | D:4      | Found a hide-covered altar of Uskayaw.
  4232 | D:4      | Reached XP level 7. HP: 49/56 MP: 7/7
  4274 | D:4      | Reached skill level 1 in Invocations
  4488 | D:4      | Found a burning altar of Makhleb.
  4568 | D:5      | Entered Level 5 of the Dungeon
  4576 | D:5      | Reached skill level 5 in Maces & Flails
  4669 | D:5      | Reached * piety under Elyvilon
  4669 | D:5      | Found Tuyveh's Armour Boutique.
  4670 | D:5      | Noticed a water moccasin
  4676 | D:5      | Killed a water moccasin
  4677 | D:5      | Reached XP level 8. HP: 42/62 MP: 7/11
  4743 | D:5      | Bought a +0 buckler of reflection for 119 gold pieces
  4743 | D:5      | Bought a +0 helmet for 63 gold pieces
  4926 | D:5      | Noticed Eustachio
  4928 | D:5      | Noticed Sigmund
  4945 | D:4      | Killed Eustachio
  4946 | D:4      | Reached skill level 5 in Invocations
  5062 | D:5      | Killed Sigmund
  5224 | D:5      | Reached skill level 1 in Staves
  5725 | D:6      | Found a sacrificial altar of Ru.
  5733 | D:6      | Reached XP level 9. HP: 68/68 MP: 12/12
  5873 | D:6      | Reached skill level 5 in Staves
  6231 | D:6      | Found a runed translucent gate.
  6232 | D:6      | Found a runed translucent gate.
  6233 | D:6      | Found a runed translucent gate.
  6233 | D:6      | Noticed HoaS's ghost (novice TrMo)
  6234 | D:6      | Identified the +3 plate armour "Tuisonod" {Str+2 Stlth+}
  6311 | D:6      | Killed HoaS's ghost
  6386 | D:6      | Identified the +1 pair of gloves of Xom's Respect {rPois}
  6540 | D:6      | Reached XP level 10. HP: 67/74 MP: 13/13
  7214 | D:7      | Reached ** piety under Elyvilon
  7384 | D:8      | Found a glowing silver altar of Zin.
  7416 | D:8      | Noticed an elephant
  7428 | D:8      | Killed an elephant
  7493 | D:8      | Noticed Joseph
  7511 | D:8      | Killed Joseph
  7676 | D:8      | Found a staircase to the Lair.
  7756 | D:8      | Reached XP level 11. HP: 61/79 MP: 14/14
  7887 | D:8      | Found a stormy altar of Qazlal.
  8173 | D:8      | Found a runed translucent gate.
  8173 | D:8      | Found a runed translucent gate.
  8173 | D:8      | Found a runed translucent gate.
  8303 | D:8      | Reached skill level 10 in Maces & Flails
  8303 | D:8      | Reached skill level 10 in Staves
  8304 | D:8      | Noticed lollipopguild's ghost (novice MiFi)
  8347 | D:8      | Killed lollipopguild's ghost
  8427 | D:8      | Identified the ring "Dumif" {Fire *Corrode rElec Dex+8}
  8591 | Lair:1   | Entered Level 1 of the Lair of Beasts
  8930 | D:9      | Reached *** piety under Elyvilon
  9226 | D:9      | Found a sparkling altar of Nemelex Xobeh.
  9464 | D:9      | Found Woikh's Antique Armour Shop.
  9472 | D:9      | Bought a scorched chain mail for 228 gold pieces
  9472 | D:9      | Identified the +5 chain mail "Omaaga" {Str+4} (You bought
                  | it in a shop on level 9 of the Dungeon)
  9520 | D:10     | Entered Level 10 of the Dungeon
  9581 | D:10     | Noticed a cyclops
  9593 | D:10     | Killed a cyclops
  9594 | D:10     | Found a basalt altar of Yredelemnul.
  9807 | D:10     | Found a shimmering altar of Xom.
 10311 | D:10     | Reached **** piety under Elyvilon
 10441 | D:11     | Reached XP level 12. HP: 39/91 MP: 13/15
 10546 | D:11     | Reached skill level 5 in Armour
 10616 | D:11     | Found a staircase to the Orcish Mines.
 10627 | D:11     | Reached skill level 5 in Evocations
 10894 | D:11     | Identified the +2 ring mail of the Realm of Zot {Dex+7}
 11451 | D:12     | Noticed a seven-headed hydra
 11459 | D:12     | Killed a seven-headed hydra
 12132 | D:12     | Noticed a boulder beetle
 12152 | D:12     | Killed a boulder beetle
 12300 | D:13     | Noticed a tengu warrior
 12321 | D:13     | Killed a tengu warrior
 12473 | D:13     | Found Gyatiem's Armour Shop.
 12776 | D:13     | Noticed a centaur warrior
 12798 | D:13     | Killed a centaur warrior
 12799 | D:13     | Reached XP level 13. HP: 93/96 MP: 19/19
 13273 | D:14     | Noticed a centaur warrior
 13283 | D:14     | Killed a centaur warrior
 13539 | D:14     | Reached ***** piety under Elyvilon
 13964 | D:14     | Reached skill level 10 in Armour
 13964 | D:14     | Reached skill level 10 in Invocations
 14479 | D:14     | Noticed a four-headed hydra
 14495 | D:14     | Pacified a four-headed hydra
 14504 | D:14     | Killed a four-headed hydra
 14631 | D:14     | Identified the ring of Sloth {rC+ rN+ MP+9 Slay-5}
 14631 | D:14     | Noticed a vault guard
 14636 | D:14     | Killed a vault guard
 14654 | D:14     | Noticed a vault guard
 14772 | D:14     | Noticed a vault guard
 14804 | D:14     | Pacified a vault guard
 14839 | D:14     | Found a gate to the Vaults.
 15387 | D:9      | Bought a dazzling scale mail for 216 gold pieces
 15387 | D:9      | Identified the +4 scale mail of Zail {Regen+ Str+4 Int+2}
                  | (You bought it in a shop on level 9 of the Dungeon)
 15415 | D:9      | Bought a pair of embroidered boots for 180 gold pieces
 15446 | D:9      | Bought a runed hat for 168 gold pieces
 15530 | Orc:1    | Entered Level 1 of the Orcish Mines
 15543 | Orc:1    | Reached skill level 5 in Dodging
 15683 | Orc:1    | Reached XP level 14. HP: 106/106 MP: 21/21
 15928 | Orc:2    | Entered Level 2 of the Orcish Mines
 16073 | Orc:2    | Found a dark tunnel.
 16091 | Volcano  | Entered a volcano
 16120 | Volcano  | Paralysed by something for 7 turns
 16131 | Volcano  | Found a radiant altar of Vehumet.
 16228 | Volcano  | Reached skill level 10 in Fighting
 16432 | Orc:2    | Found Kicvuagu's Armour Emporium.
 16593 | Orc:2    | Found a staircase to the Elven Halls.
 16935 | Orc:2    | Noticed an orc warlord
 16975 | Orc:2    | Killed an orc warlord
 17118 | Orc:2    | Found Hoife Uch's General Store.
 17119 | Orc:2    | Found Dailul's Jewellery Shop.
 17121 | Orc:2    | Found Biekhled's Antique Armour Shop.
 17121 | Orc:2    | Found Nil Kipt's Antique Weapon Boutique.
 17948 | Orc:2    | Bought a runed scarf for 224 gold pieces
 18156 | Lair:1   | Reached skill level 10 in Dodging
 19046 | Lair:2   | Reached XP level 15. HP: 109/115 MP: 22/22
 19141 | Lair:2   | Found a staircase to the Shoals.
 20234 | Lair:3   | Identified the +3 scale mail "Penteac" {*Corrode rF++ rN+
                  | Int+3}
 20518 | Lair:4   | Found a staircase to the Snake Pit.
 21575 | Lair:5   | Reached ****** piety under Elyvilon
 21594 | Lair:5   | Noticed Kirke
 21645 | Lair:5   | Killed Kirke
 21875 | Lair:5   | Identified the +5 chain mail "Xeufej" {Rampage *Corrode
                  | Will+ Str+6}
 22146 | Lair:6   | Entered Level 6 of the Lair of Beasts
 22200 | Lair:6   | Reached XP level 16. HP: 89/122 MP: 23/23
 22235 | Lair:6   | Found a runed translucent door.
 22235 | Lair:6   | Found a shimmering altar of Xom.
 22235 | Lair:6   | Noticed Anon1729's ghost (journeyman DsBe)
 22238 | Lair:6   | Identified the +5 quarterstaff of Uwaekh {chaos, rF+ rC+
                  | Str+2 Int+2}
 22248 | Lair:6   | Found a frozen archway.
 22272 | IceCv    | Entered an ice cave
 22527 | IceCv    | Found an ancient bone altar of Kikubaaqudgha.
 22645 | IceCv    | Identified the +5 flail of Conscience {drain, Fragile rPois
                  | rCorr Dex+9}
 22888 | IceCv    | Learned a level 3 spell: Frozen Ramparts
 22892 | IceCv    | Learned a level 3 spell: Ozocubu's Armour
 22895 | IceCv    | Learned a level 2 spell: Blink
 23025 | Lair:6   | Reached skill level 1 in Ice Magic
 23290 | Lair:6   | Reached skill level 5 in Ice Magic
 23763 | Lair:6   | Found a runed translucent door.
 23764 | Lair:6   | Found a viscous altar of Jiyva.
 23765 | Lair:6   | Noticed an acid blob
 23765 | Lair:6   | Noticed an acid blob
 23766 | Lair:6   | Found a staircase to the Slime Pits.
 23766 | Lair:6   | Noticed an acid blob
 23766 | Lair:6   | Noticed an acid blob
 24111 | Lair:6   | Killed Anon1729's ghost
 24211 | Snake:1  | Entered Level 1 of the Snake Pit
 24261 | Snake:1  | Reached skill level 10 in Ice Magic
 24973 | Snake:1  | Noticed Rupert
 25000 | Snake:1  | Killed Rupert
 25271 | Snake:1  | Found a shimmering altar of Xom.
 25297 | Snake:1  | Reached XP level 17. HP: 71/128 MP: 25/25
 25906 | Snake:2  | Identified the +0 chain mail of the Flute {Harm *Slow rC++
                  | Int+2}
 26155 | Snake:2  | Identified the +2 ice dragon scales of Winter {*Corrode Fly
                  | rF- rC++ Regen+ Dex-3 SInv}
 26334 | Snake:2  | Identified the +10 whip of the Crushing Stork {vorpal,
                  | rElec}
 26353 | Snake:2  | Reached skill level 15 in Ice Magic
 27245 | Snake:3  | Found a broken altar of Ashenzari.
 27371 | Snake:3  | Learned a level 6 spell: Freezing Cloud
 27777 | Snake:3  | Reached skill level 1 in Conjurations
 27777 | Snake:3  | Reached skill level 1 in Air Magic
 28020 | Snake:4  | Entered Level 4 of the Snake Pit
 28053 | Snake:4  | Reached XP level 18. HP: 66/134 MP: 17/26
 28220 | Snake:4  | Found an ornate altar of the Wu Jian Council.
 28595 | Snake:4  | Reached skill level 1 in Spellcasting
 28653 | Snake:4  | Reached skill level 5 in Conjurations
 28653 | Snake:4  | Reached skill level 5 in Air Magic
 29206 | Snake:4  | Noticed Aizul
 29228 | Snake:3  | Killed Aizul
 29377 | Snake:4  | Reached skill level 5 in Spellcasting
 29862 | Snake:4  | Reached XP level 19. HP: 123/140 MP: 17/31
 30043 | Snake:4  | Got a serpentine rune of Zot
 30758 | D:9      | Bought a glimmering tower shield for 228 gold pieces
 30758 | D:9      | Identified the -6 tower shield "Upueqim" {rElec Str+2
                  | Slay+5 SInv} (You bought it in a shop on level 9 of the
                  | Dungeon)
 30861 | D:15     | Entered Level 15 of the Dungeon
 30945 | D:15     | Learned a level 4 spell: Iskenderun's Mystic Blast
 31023 | D:15     | Found a staircase to the Depths.
 31475 | D:15     | Found an opulent altar of Gozag.
 31734 | D:15     | Found a shimmering blue altar of Sif Muna.
 31852 | Depths:1 | Entered Level 1 of the Depths
 31854 | Depths:1 | Found a hazy altar of Hepliaklqana.
 31870 | Depths:1 | Reached skill level 10 in Spellcasting
 32359 | Depths:1 | Found a gateway to Hell.
 32600 | Depths:1 | Found a portal to a secret trove of treasure.
 32722 | D:15     | Upgraded the game from 0.27-a0-1065-ge809cff456 to
                  | 0.27-a0-1071-ga85bd9520d
 32897 | Shoals:1 | Entered Level 1 of the Shoals
 32983 | Shoals:1 | Reached skill level 10 in Conjurations
 33118 | Shoals:1 | Noticed Josephine
 33129 | Shoals:1 | Killed Josephine
 33156 | Shoals:1 | Learned a level 1 spell: Apportation
 33348 | Shoals:1 | Noticed Jorgrun
 33388 | Shoals:1 | Killed Jorgrun
 33389 | Shoals:1 | Reached XP level 20. HP: 75/147 MP: 18/34
 34819 | Shoals:2 | Noticed Polyphemus
 34841 | Shoals:2 | Killed Polyphemus
 34842 | Shoals:2 | Reached skill level 1 in Polearms
 34862 | Shoals:2 | Noticed Ilsuiw
 34883 | Shoals:2 | Killed Ilsuiw
 34884 | Shoals:2 | Was placed under penance by Elyvilon
 35447 | Shoals:2 | Identified Roxanne's Volume of Stones
 35447 | Shoals:2 | Noticed Roxanne
 35508 | Shoals:2 | Was forgiven by Elyvilon
 35978 | Shoals:3 | Noticed Mara
 35984 | Shoals:3 | Noticed Armakuni's illusion
 36010 | Shoals:2 | Noticed Armakuni's illusion
 36026 | Shoals:2 | Noticed Armakuni's illusion
 36032 | Shoals:2 | Killed Mara
 36478 | Shoals:4 | Entered Level 4 of the Shoals
 36806 | Shoals:4 | Reached XP level 21. HP: 153/153 MP: 37/37
 36950 | Shoals:4 | Upgraded the game from 0.27-a0-1071-ga85bd9520d to
                  | 0.27-a0-1081-ge8a0a9c698
 37138 | Shoals:4 | Found the +8 glaive of the Guard {elec, spectral, AC+5}
 37189 | Shoals:4 | Reached skill level 5 in Polearms
 37495 | Shoals:4 | Got a barnacled rune of Zot
 37898 | Vaults:1 | Entered Level 1 of the Vaults
 38037 | Vaults:1 | Found a magical portal.
 38047 | WizLab   | Entered The Hall of the Hellbinder
 38698 | WizLab   | Noticed Cuifosaf
 38700 | WizLab   | Found a burning altar of Makhleb.
 38705 | WizLab   | Killed Cuifosaf the Hellbinder
 38724 | WizLab   | Identified the +1 cloak of the Untouchables {-Tele rPois
                  | rCorr Dex-2}
 38725 | WizLab   | Identified the ring "Kosemu" {Dex+6 Stlth+}
 38789 | WizLab   | Identified the +10 hand axe of the Undead {flame, *Noise
                  | MP+9 Dex+5}
 38796 | WizLab   | Identified Buxiosch's Compendium of Creation
 38864 | Vaults:1 | Upgraded the game from 0.27-a0-1081-ge8a0a9c698 to
                  | 0.27-a0-1090-gb115f176c6
 39332 | Vaults:1 | Found Kexurchu's General Store.
 39612 | Vaults:1 | Learned a level 7 spell: Ozocubu's Refrigeration
 40223 | Vaults:2 | Reached XP level 22. HP: 159/159 MP: 25/40
 40438 | Vaults:2 | Noticed Boris
 40451 | Vaults:2 | Killed Boris
 40557 | Vaults:2 | Noticed Margery
 40559 | Vaults:2 | Upgraded the game from 0.27-a0-1090-gb115f176c6 to
                  | 0.27-a0-1101-ge311f74bc8
 40573 | Vaults:2 | Killed Margery
 40583 | Vaults:2 | Reached skill level 10 in Polearms
 40953 | Vaults:2 | Noticed Asterion
 40982 | Vaults:2 | Killed Asterion
 41041 | Vaults:2 | Found a staircase to the Crypt.
 41184 | Vaults:2 | Reached skill level 15 in Spellcasting
 41597 | Vaults:2 | Identified the +10 hunting sling "Upax" {freeze, rC+ Int+3
                  | Dex+4}
 42561 | Vaults:3 | Found the +3 warlock's mirror {reflect}
 42659 | Vaults:3 | Reached XP level 23. HP: 133/165 MP: 27/42
 43250 | Vaults:3 | You fall into a shaft and drop 1 floor!
 43307 | Vaults:3 | Identified the +5 mace of Voghe {speed, rC+ Will+ SInv}
 43854 | Vaults:4 | Upgraded the game from 0.27-a0-1101-ge311f74bc8 to
                  | 0.27-a0-1105-g946c659c87
 44045 | Vaults:4 | Cast into level 2 of the Abyss (a wizard)
 44142 | Abyss:2  | Identified the +2 spear of the Pit {antimagic, rC+ SInv}
 44352 | Vaults:4 | Escaped the Abyss
 44543 | Vaults:4 | Noticed Sojobo
 44549 | Vaults:4 | Killed Sojobo
 44779 | Vaults:4 | Found Letuwk's General Store.
 44788 | Vaults:4 | Bought a potion of heal wounds for 90 gold pieces
 45268 | Vaults:4 | Reached XP level 24. HP: 138/172 MP: 37/45
 45933 | Vaults:5 | Entered Level 5 of the Vaults
 45935 | Vaults:5 | Noticed Jory
 45941 | Vaults:5 | HP: 8/172 [spore (2)]
 45941 | Vaults:5 | Killed by an exploding vault guard... ignited by their
                  | inner flame

Illustrated notes

Levels and vault maps discovered:
D:1:      nicolae_arrival_memento_mori, layout_rooms,
          chequers_serial_rivers_small_3, ebering_dispersal_statue_hall,
          fountainhead
D:2:      layout_rooms, minmay_misc_feat_rows, uniq_jessica
D:3:      layout_basic
D:4:      layout_rooms, nicolae_uskayaw_murder_on_the_dancefloor,
          lightli_temple_of_fire, gammafunk_temple_overflow_arena,
          temple_fountains
D:5:      lemuel_ice_spiral_2, layout_rooms, portal_sewer_entry_e, serial_shops,
          shop, uniq_sigmund, uniq_eustachio
D:6:      layout_rooms, nicolae_ru_great_annihilating_truth,
          biasface_ghost_orc_armoury
D:7:      layout_loops_cross
D:8:      layout_rooms, overflow_temple_1_default,
          nicolae_qazlal_scattered_showers, david_lair_generic,
          gammafunk_ghost_icy, uniq_joseph
D:9:      layout_basic, lemuel_round_altar, serial_shops, kennysheep_little_box
D:10:     layout_loops_ring, lemuel_crystal_altar, overflow_temple_1_default,
          abandoned_shop, minmay_fire_ice_demons
D:11:     layout_basic, erik_orc_4
D:12:     layout_irregular_city
D:13:     layout_irregular_city, serial_shops, nicolae_shop_stone
D:14:     layout_basic, grunt_vaults_entry_tiered, minmay_crystal_room,
          gauntlet_entry_generic
D:15:     grunt_enter_depths_magical_seal, layout_basic, led_sif_pool,
          nicolae_gozag_seed_capital
Temple:   nicolae_temple_figure_eight
Lair:1:   layout_gridlike, grunt_forest_stairs_basic
Lair:2:   layout_roguey, minmay_shoals_entry_centaurs,
          eino_small_chamber_without_monster, nicolae_quartered_pool_medium
Lair:3:   layout_gridlike
Lair:4:   layout_regular_city, minmay_snake_entry_six_corridors
Lair:5:   layout_gridlike, lemuel_fruit_fields, uniq_kirke
Lair:6:   hangedman_lair_tendril_chambers, layout_gridlike, slime_altar_2,
          ebering_ghost_xom, portal_ice_cave_demonic_guard
Shoals:1: layout_shoals, st_sunken_temple, uniq_jorgrun, uniq_josephine
Shoals:2: layout_shoals, uniq_roxanne, uniq_ilsuiw, uniq_polyphemus
Shoals:3: layout_shoals, uniq_mara
Shoals:4: shoals_end_simple, layout_shoals
Snake:1:  layout_chambers, basic_altar, minmay_snake_pond, grunt_megastairs_5,
          uniq_rupert
Snake:2:  layout_onion_interference, fake_guardian_serpent_vault,
          serial_bayou_shore_b
Snake:3:  layout_rooms, basic_altar, nicolae_snake_linked_coils, drop_trap
Snake:4:  snake_pit_salamanders_mu, layout_onion_interference, basic_altar,
          nicolae_snake_springs, grunt_megastairs_2, uniq_aizul
Orc:1:    layout_caves
Orc:2:    st_orc_congregation, layout_diamond_mine, serial_shops,
          nicolae_shop_behind_doors, nicolae_volcano_entry_hallway,
          lemuel_statue_altar
Vaults:1: vaults_mumra_chevron_long, v_misc_4, vaults_room_stairs_pillars,
          layout_vaults_omnigrid, serial_shops, nicolae_shop_behind_doors,
          mu_enter_wizlab_6
Vaults:2: nicolae_vaults_what_the_h, dpeg_vaults_monster_row, st_quartered_hall,
          v_misc_5, hangedman_vaults_stream, minmay_crypt_entry_simple_corners,
          grunt_vaults_hallway_long, hangedman_vaults_snaps,
          hangedman_vaults_maws, hangedman_vaults_corner_blocks,
          grunt_vaults_hallway_long, grunt_vaults_focal,
          layout_vaults_big_cross, uniq_boris, uniq_asterion, uniq_margery
Vaults:3: v_rooms_5, grunt_vaults_trifunnel, ontoclasm_vaults_tryst,
          vaults_dpeg_diagonal, ontoclasm_vaults_claustrophobia,
          vaults_dpeg_hooks, vaults_mumra_chevron, nicolae_vaults_arrows,
          vaults_mumra_minichess_inversion, hangedman_vaults_hat,
          nicolae_vaults_meeting, ontoclasm_vaults_chip,
          layout_vaults_maze_bifur
Vaults:4: vaults_mumra_minichess, vaults_room_octagon,
          nicolae_vaults_little_squares_3, nicolae_vaults_network_periphery,
          ontoclasm_vaults_shuriken, grunt_vaults_hallway_short,
          hangedman_vaults_restitches, layout_vaults_big_room, serial_shops,
          nicolae_shop_trees, uniq_sojobo
Vaults:5: serial_shops, uniq_jory
Depths:1: minmay_skeleton_keep, layout_gridville, grunt_metal_band,
          nicolae_trove_entry_crossroad, nicolae_hepliaklqana_hazy_memory,
          hangedman_abyss_entry_splay, lightli_minifort

Skill      XL: |  1  2  3  4  5  6  7  8  9 10 11 12 13 14 15 16 17 18 19 20 21 22 23 |
---------------+----------------------------------------------------------------------+-----
Fighting       | 2 3 4 5 7 8 10 | 10.0
Maces & Flails | 1 2 3 4 5 7 9 10 11 14 | 14.9
Invocations    | 4 5 8 10 11 | 11.2
Shields        | 4 |  4.0
Staves         | 3 7 9 10 | 10.3
Evocations     | 3 5 |  5.0
Armour         | 4 8 10 12 | 12.7
Dodging        | 5 10 | 10.0
Ice Magic      | 13 18 | 18.2
Conjurations   | 3 6 10 | 10.0
Air Magic      | 3 6 |  6.0
Spellcasting   | 8 10 12 14 15 18 | 18.4
Polearms       | 4 9 12 | 12.8
Bows           | |  2.0
Stealth        | |  2.0

Action                   |  1- 3 |  4- 6 |  7- 9 | 10-12 | 13-15 | 16-18 | 19-21 | 22-24 || total
-------------------------+-------+-------+-------+-------+-------+-------+-------+-------++-------
Melee: Dagger            |   109 |       |    13 |       |       |       |       |       ||   122
       Whip              |     9 |   120 |   158 |   592 |   749 |    12 |    17 |       ||  1657
       Eveningstar       |       |       |       |       |   565 |  1136 |  1181 |   864 ||  3746
Throw: Boomerang         |       |       |     5 |       |       |       |       |       ||     5
       Throwing net      |       |       |       |       |       |       |       |     1 ||     1
 Cast: Frozen Ramparts   |       |       |       |       |       |    40 |    42 |    42 ||   124
       Ozocubu's Armour  |       |       |       |       |       |    14 |     7 |     1 ||    22
       Apportation       |       |       |       |       |       |       |     3 |       ||     3
       Freezing Cloud    |       |       |       |       |       |       |    68 |    21 ||    89
       Ozocubu's Refrige |       |       |       |       |       |       |     7 |     2 ||     9
       Iskenderun's Myst |       |       |       |       |       |       |       |     1 ||     1
Invok: Lesser Healing    |       |       |    26 |    85 |    65 |     6 |    36 |    19 ||   237
       Heal Other        |       |       |       |       |    24 |     1 |     5 |     8 ||    38
       Purification      |       |       |       |       |     1 |     1 |     1 |       ||     3
       Greater Healing   |       |       |       |       |       |     5 |    10 |    20 ||    35
Evoke: Wand              |       |       |       |    37 |    51 |    48 |    37 |     6 ||   179
       Tin of tremorston |       |       |       |     2 |     2 |     8 |     5 |     2 ||    19
       Lightning rod     |       |       |       |       |    12 |     9 |     4 |     3 ||    28
       Piece from Xom's  |       |       |       |       |       |       |     1 |       ||     1
  Use: Potion            |     1 |     4 |     4 |       |     2 |     3 |     7 |     2 ||    23
       Scroll            |     4 |     1 |     2 |     8 |     7 |    11 |     9 |     4 ||    46
 Stab: Distracted        |       |       |     1 |       |       |       |       |       ||     1
       Paralysed         |       |       |     1 |       |       |     5 |    12 |     4 ||    22
       Sleeping          |       |       |       |     1 |       |       |       |       ||     1
       Petrified         |       |       |       |       |       |       |     4 |       ||     4
       Petrifying        |       |       |       |       |       |       |     1 |       ||     1
       Invisible         |       |       |       |       |       |       |     2 |       ||     2
       Held in net/web   |       |       |       |       |       |       |       |     3 ||     3
Armor: Ring mail         |    61 |    33 |    45 |   129 |    57 |       |       |       ||   325
       Skin              |       |     2 |     5 |       |       |       |       |       ||     7
       Scale mail        |       |       |       |       |   250 |   276 |   332 |   190 ||  1048
Dodge: Dodged            |    72 |    68 |    62 |   215 |   416 |   580 |   725 |   329 ||  2467
Block: Buckler           |       |       |    19 |   107 |   525 |   666 |   686 |   449 ||  2452
       Reflection        |       |       |     3 |     9 |    11 |    57 |    54 |    56 ||   190

Table legend: (Time is in decaauts)
 A = Elapsed time spent in this place.
 B = Non-inter-level travel time spent in this place.
 C = Inter-level travel time spent in this place.
 D = Time resting spent in this place.
 E = Time spent auto-exploring this place.
 F = Levels seen in this place.
 G = Mean time per level.
                   A        B        C        D        E       F      G
               +--------+--------+--------+--------+--------+-----+--------+
         Total |  44504 |  41668 |   2836 |   6648 |  21977 |  43 | 1035.0 |
       Dungeon |  16391 |  15220 |   1171 |   1629 |   9791 |  15 | 1092.7 |
        Temple |    223 |    211 |     12 |      0 |    205 |   1 |  223.0 |
          Lair |   5505 |   5056 |    449 |    102 |   3476 |   6 |  917.5 |
        Shoals |   4906 |   4534 |    372 |   1697 |    656 |   4 | 1226.5 |
     Snake Pit |   6208 |   5790 |    418 |   1248 |   2709 |   4 | 1552.0 |
  Orcish Mines |   1992 |   1722 |    270 |     51 |    976 |   2 |  996.0 |
        Vaults |   6623 |   6518 |    105 |   1219 |   3703 |   5 | 1324.6 |
        Depths |    719 |    681 |     38 |    233 |     87 |   1 |  719.0 |
         Abyss |    303 |    303 |      0 |      0 |      0 |   2 |  151.5 |
      Ice Cave |    685 |    685 |      0 |    197 |    240 |   1 |  685.0 |
       Volcano |    165 |    165 |      0 |      0 |     15 |   1 |  165.0 |
        Wizlab |    779 |    779 |      0 |    271 |    117 |   1 |  779.0 |
               +--------+--------+--------+--------+--------+-----+--------+

Top non-repeatable levels by time:
 Snake:4: 1990 daAuts
Vaults:2: 1972 daAuts
Vaults:3: 1826 daAuts
     D:4: 1782 daAuts
Shoals:2: 1745 daAuts
Vaults:4: 1711 daAuts
    D:14: 1631 daAuts
 Snake:1: 1567 daAuts
 Snake:3: 1390 daAuts
   Orc:2: 1387 daAuts
Shoals:1: 1357 daAuts
     D:8: 1292 daAuts
 Snake:2: 1260 daAuts
  Lair:6: 1209 daAuts
     D:1: 1173 daAuts
